 Dungeon Crawl Stone Soup version 0.19.1 (webtiles) character file.

514698 Kit the Impregnable (level 24, -1/231 HPs)
             Began as a Minotaur Fighter on Dec 10, 2016.
             Was the Champion of Okawaru.
             Killed from afar by a frost giant (17 damage)
             ... with a bolt of cold
             ... on level 2 of the Depths on Dec 20, 2016.
             The game lasted 05:54:11 (78964 turns).

Kit the Impregnable (Minotaur Fighter)             Turns: 78964, Time: 05:54:11

Health: -1/231     AC: 36    Str: 38    XL:     24   Next: 44%
Magic:  40/40      EV: 21    Int:  9    God:    Okawaru [******]
Gold:   5701       SH: 23    Dex: 12    Spells: 2 memorised, 19 levels left

rFire  . . .     SeeInvis .     G - +9 flail (protect)
rCold  . . .     Gourm    +     W - +1 storm dragon scales "Piquem" {rElec rN+ Str+4}
rNeg   + + .     Faith    .     g - +5 shield {reflect}
rPois  .         Spirit   .     w - +0 hat {MR+}
rElec  +         Reflect  +     P - +2 cloak {MR+}
rCorr  .         Harm     .     B - +2 pair of gloves of Honesty {rElec MP+9 Int+3 Stlth-}
MR     +++..                    M - +2 pair of boots {run}
Stlth  ..........               H - amulet of the gourmand
                                I - +4 ring of strength
                                b - ring of positive energy

@: very slightly contaminated, quick
A: retaliatory headbutt, horns 2, yellow scales 1
a: Heroism, Finesse, Renounce Religion
}: 2/15 runes: barnacled, gossamer


You were on level 2 of the Depths.
You worshipped Okawaru.
Okawaru was exalted by your worship.
You were completely stuffed.

You visited 10 branches of the dungeon, and saw 46 of its levels.
You visited the Abyss 1 time.
You also visited: Labyrinth and Bailey.

You collected 7797 gold pieces.
You spent 2096 gold pieces at shops.

Inventory:

Hand Weapons
 a - the +10 hand axe "Asys" {freeze, rF+ rN+ Int+4 Stlth-}
   (You found it on level 3 of the Crypt)

   It has been specially enchanted to freeze those struck by it, causing extra
   injury to most foes and up to half again as much damage against particularly
   susceptible opponents.
   It can also slow down cold-blooded creatures.
   It affects your intelligence (+4).
   It protects you from fire.
   It protects you from negative energy.
   It makes you less stealthy.
 G - a +9 flail of protection (weapon)
 V - the +4 demon blade "Fish" {drain, rC+ Dex+3}
   (Okawaru gifted it to you on level 1 of the Elven Halls)

   A truly terrible weapon, it drains the life of those it strikes.
   It affects your dexterity (+3).
   It protects you from cold.
Armour
 g - a +5 shield of reflection (worn)
 w - a +0 hat of magic resistance (worn)
 B - the +2 pair of gloves of Honesty (worn) {rElec MP+9 Int+3 Stlth-}
   (You bought it in a shop on level 10 of the Dungeon)

   It affects your intelligence (+3).
   It insulates you from electricity.
   It affects your magic capacity (+9).
   It makes you less stealthy.
 M - a +2 pair of boots of running (worn)
 P - a +2 cloak of magic resistance (worn)
 W - the +1 storm dragon scales "Piquem" (worn) {rElec rN+ Str+4}
   (You took it off a deep elf blademaster on level 2 of the Elven Halls)

   It affects your strength (+4).
   It insulates you from electricity.
   It protects you from negative energy.
Jewellery
 b - a ring of positive energy (left hand)
 H - an amulet of the gourmand (around neck)
 I - a +4 ring of strength (right hand)
 K - an uncursed amulet of rage
Wands
 D - a wand of iceblast (9/15)
Scrolls
 c - 6 scrolls of fog
 e - 10 scrolls of remove curse
 k - 14 scrolls of identify
 l - a scroll of brand weapon
 m - 11 scrolls of amnesia
 n - 6 scrolls of summoning
 o - 7 scrolls of immolation
 q - 2 scrolls of teleportation
 s - 3 scrolls of silence
 v - 4 scrolls of enchant weapon
 y - 2 scrolls of holy word
 J - 2 scrolls of enchant armour
 R - a scroll of magic mapping
 S - 2 scrolls of fear
 Y - 3 scrolls of recharging
Potions
 d - 7 potions of flight
 j - a potion of magic
 t - 2 potions of might
 u - 12 potions of curing
 x - a potion of cancellation
 z - 2 potions of berserk rage
 A - 5 potions of resistance
 C - 5 potions of brilliance
 E - a potion of cure mutation
 L - 4 potions of invisibility
 Q - a potion of haste
 T - 4 potions of agility
Miscellaneous
 p - a disc of storms
Comestibles
 f - 28 bread rations
 h - 8 beef jerkies
 i - 23 fruits
 r - 21 meat rations
 F - 10 slices of pizza
 O - 4 royal jellies


   Skills:
 + Level 22.1 Fighting
 - Level 10.6 Long Blades
 - Level 12.0(14.5) Axes
 - Level 13.9(15.5) Maces & Flails
 + Level 25.2 Armour
 + Level 20.4 Dodging
 + Level 21.1 Shields
 - Level 12.8 Evocations


You had 19 spell levels left.
You knew the following spells:

 Your Spells              Type           Power        Failure   Level  Hunger
a - Repel Missiles        Chrm/Air       #.....       92%         2    ###....
b - Swiftness             Chrm/Air       #.......     92%         2    ###....


Dungeon Overview and Level Annotations

Branches:
Dungeon (15/15)            Temple (1/1) D:5            Lair (6/6) D:10
 Shoals (4/4) Lair:4       Spider (4/4) Lair:3        Slime (0/5) Lair:5
    Orc (2/2) D:11            Elf (3/3) Orc:2        Vaults (5/5) D:14
  Crypt (3/3) Vaults:3       Tomb (0/3) Crypt:3      Depths (3/5) D:15

Altars:
Ashenzari
Cheibriados
Dithmenos
Elyvilon
Fedhas
Gozag
Hepliaklqana
Kikubaaqudgha
Makhleb
Nemelex Xobeh
Okawaru
Qazlal
Ru
Sif Muna
Trog
Uskayaw
Vehumet
Xom
Yredelemnul
Zin
The Shining One
Beogh

Shops:
D:10 *   D:14 :   Orc:2 ([*:   Elf:2 [%*!   Elf:3 *   Shoals:2 (   Vaults:2 [
Vaults:3 }

Portals:
Hell: Lair:6 Depths:1 Depths:2
Pandemonium: Depths:2 Depths:3

Annotations:
D:5 exclusion: statue
Lair:4 exclusion: oklob plant
Elf:3 TheWoodenMan's ghost, veteran HOFi
Vaults:3 Mennas


Innate Abilities, Weirdness & Mutations

You reflexively headbutt those who attack you in melee.
You have a pair of horns on your head.
You are partially covered in yellow scales. (AC +2)


Message History

Blink to where?
Press: ? - help, Dir - move target cursor, f - you
Okay, then.
Blink to where?
Press: ? - help, Dir - move target cursor You are very lightly contaminated with residual magic.
As you read the scroll of blinking, it crumbles to dust.
There is a stone staircase leading up here.
The spriggan air mage waves its arms in wide circles.
The air twists around and strikes you!
* * * LOW HITPOINT WARNING * * *
The frost giant casts a spell at you. The bolt of cold hits you!
* * * LOW HITPOINT WARNING * * *
You climb upwards.
There is a stone staircase leading down here.
You feel much better.
The frost giant gestures at you while chanting.
The bolt of cold hits you!
You die...

#### ###.....≈...#.##### #.
##..###......≈≈..(...#..## ##
#............≈≈≈.##......#######
##.............≈...........#.#..#
...................[#.....##.#...
<...≈........[......[.)...#......
)...................[....##......
....###.......[C.....[..(#.....##
.....##........[@.........(......
(......................[.........
[(..≈≈≈≈≈........................
(.(.≈≈....................≈≈≈≈≈..
....≈≈.........(..........≈≈≈≈≈≈.
...≈(..##...................≈≈≈..
...≈≈................)...≈≈.≈....
...≈.....≈...........))≈≈≈≈...###
.....#.≈≈............).≈≈≈≈≈≈..##


You could see a frost giant.

Vanquished Creatures
  An ancient lich (Crypt:3)
  Bai Suzhen (Elf:3)
  Jory (Vaults:3)
  A golden dragon (Depths:2)
  A bone dragon (Crypt:3)
  5 liches
  Rupert (Lair:4)
  2 deep elf blademasters (Elf:2)
  A kraken (Shoals:1)
  A tentacled starspawn (Abyss:2)
  A tengu reaver (Depths:1)
  2 sphinxes
  The ghost of Vajrapani the Warrior, an adept DrMo of Hepliaklqana (Spider:1)
  3 ancient champions
  Gastronok (D:8)
  Agnes (Spider:4)
  Donald (Orc:2)
  A shadow dragon (Vaults:3)
  Ilsuiw (Shoals:4)
  4 fire giants
  A revenant (Crypt:2)
  2 frost giants
  The ghost of HunterMK1337 the Bludgeoner, a journeyman HOBe of Trog (Elf:2)
  A cacodemon (Abyss:2)
  4 ghost moths (Spider:4)
  3 emperor scorpions (Spider:4)
  11 deep elf sorcerers
  2 orc warlords
  Louise (Spider:2)
  3 ghouls (Crypt:2)
  A curse skull (Crypt:2)
  2 deep elf elementalists (Elf:2)
  11 vault wardens
  A spriggan defender (Depths:2)
  The ghost of Mungo the Impaler, a journeyman FoFi of Makhleb (D:12)
  15 ironheart preservers
  14 very ugly things
  5 war gargoyles
  11 stone giants
  6 entropy weavers
  7 vampire knights
  Nessos (Lair:4)
  A starcursed mass (Abyss:2)
  2 deep elf demonologists
  9 deep elf annihilators
  11 spark wasps
  11 ettins
  3 merfolk javelineers (Shoals:4)
  3 crystal guardians (Crypt:3)
  3 eidola
  9 merfolk impalers
  8 deep elf death magi
  A minotaur (Lab)
  9 fire dragons
  9 jiangshi
  2 deep elf high priests (Elf:3)
  6 great orbs of eyes
  The ghost of Gargo the Thaumaturge, a journeyman GrEE of Vehumet (Lair:5)
  12 hydras
  Josephine (D:11)
  12 ice dragons
  A vault guard (Vaults:4)
  10 yaktaur captains
  7 rakshasas
  An alligator snapping turtle (Shoals:1)
  A spriggan air mage (Depths:3)
  A catoblepas (Lair:6)
  11 centaur warriors
  2 satyrs
  7 death knights
  3 merfolk avatars
  18 ogre magi
  37 dancing weapons
  6 death yaks
  10 merfolk aquamancers
  7 deep troll shamans
  7 orc high priests
  7 deep troll earth magi
  3 titan zombies
  6 spriggan berserkers
  5 tengu warriors
  6 vampire magi
  3 soul eaters
  23 deep elf knights
  4 spriggans
  Nergalle (Lair:4)
  7 hell knights
  An iron troll (Depths:2)
  11 sea snakes
  A titan skeleton (Depths:1)
  2 sixfirhies
  A death drake (shapeshifter) (D:13)
  A spatial maelstrom (Abyss:2)
  3 shadow wraiths
  2 glowing orange brains
  37 skeletal warriors
  A storm dragon skeleton (Crypt:3)
  6 unseen horrors
  An anaconda zombie (Crypt:1)
  A torturous demonspawn (Depths:2)
  A ghost moth zombie (Crypt:1)
  24 deep trolls
  15 deep elf archers
  2 golden dragon skeletons
  The ghost of Gargo the Magician, a novice GrEE of Vehumet (Bailey)
  A shadow demon (Depths:2)
  11 flayed ghosts
  21 hill giants
  21 orc knights
  34 wolf spiders
  11 necromancers
  4 wizards
  6 ironbrand convokers
  A shadow dragon zombie (Depths:3)
  A spectral wolf spider (Crypt:1)
  2 fire giant zombies
  61 deep elf magi
  11 harpies
  8 phantasmal warriors
  2 iron dragon zombies (Depths:3)
  25 orb spiders
  6 orc sorcerers
  40 ugly things
  2 shadow dragon skeletons
  9 cyclopes
  14 manticores
  12 fauns
  A faun (shapeshifter) (Vaults:1)
  2 moths of wrath
  A stone giant zombie (Crypt:3)
  A stone giant skeleton (Depths:1)
  9 elephants
  6 black mambas
  6 water nymphs
  9 sirens
  A fire giant skeleton (Depths:3)
  Joseph (Lair:1)
  A dire elephant zombie (Crypt:1)
  12 spiny frogs
  5 gargoyles
  2 smoke demons
  13 vault sentinels
  2 orange demons (Lair:6)
  A mottled draconian zombie (Crypt:2)
  4 centaur skeletons
  6 rime drakes
  11 freezing wraiths
  2 ice devils (Lair:6)
  An efreet (Abyss:2)
  A dire elephant skeleton (Crypt:3)
  A rime drake (shapeshifter) (Depths:1)
  3 tengu conjurers
  A redback zombie (D:14)
  12 komodo dragons
  A komodo dragon (shapeshifter) (Elf:3)
  A hellwing (Lair:6)
  24 demonic crawlers
  A golden dragon simulacrum (Depths:3)
  34 yaktaurs
  4 red devils
  A catoblepas skeleton (Crypt:1)
  10 trolls
  A jumping spider (shapeshifter) (D:14)
  2 meliai (shapeshifter)
  34 merfolk
  4 tyrant leeches
  3 meliai (D:13)
  A harpy zombie (D:14)
  21 slime creatures
  An alligator zombie (Crypt:2)
  A death drake zombie (Crypt:2)
  39 jumping spiders
  A wind drake (shapeshifter) (Vaults:2)
  9 wind drakes
  16 hornets
  28 two-headed ogres
  A bog body (Crypt:2)
  A fire dragon zombie (Crypt:3)
  10 hippogriffs
  5 polar bears
  A stone giant simulacrum (Vaults:1)
  12 blink frogs
  A raiju (Abyss:2)
  10 snapping turtles
  A minotaur skeleton (Crypt:1)
  A hippogriff (shapeshifter) (Vaults:3)
  5 small abominations
  A centaur simulacrum (D:14)
  A fire dragon skeleton (Crypt:1)
  35 flying skulls
  An ettin skeleton (Crypt:1)
  2 shadows (D:15)
  38 tarantellas
  An air elemental (Elf:2)
  3 vampires
  61 redbacks
  A spriggan (shapeshifter) (D:14)
  23 water elementals
  13 wraiths
  A hog (shapeshifter) (Depths:1)
  A satyr skeleton (Crypt:2)
  53 yaks
  3 wyverns
  2 fire elementals
  6 basilisks
  A golden eye (shapeshifter) (Vaults:1)
  2 neqoxecs
  7 vampire mosquitoes
  6 hungry ghosts
  2 chaos spawn
  11 wargs
  A mottled dragon (shapeshifter) (Vaults:1)
  Edmund (D:6)
  5 mottled dragons
  2 nagas (shapeshifter)
  A yaktaur simulacrum (Vaults:2)
  A soldier ant (D:13)
  A soldier ant (shapeshifter) (Depths:1)
  2 hell hounds (Lair:6)
  6 porcupines
  3 spiny frog zombies
  A tengu skeleton (Depths:1)
  9 water moccasins
  78 orc warriors
  A porcupine (shapeshifter) (Elf:2)
  A hornet zombie (D:11)
  An ice dragon simulacrum (Abyss:2)
  An ice beast (shapeshifter) (Vaults:2)
  An eye of draining (Abyss:2)
  8 necrophages
  3 ice beasts
  66 ogres
  8 boggarts
  A phantom (D:6)
  A sky beast (D:5)
  13 wolves
  20 centaurs
  8 crocodiles
  A lindwurm skeleton (Crypt:1)
  2 big kobolds
  16 bullfrogs
  A wyvern zombie (D:12)
  7 earth elementals
  A cyclops zombie (Crypt:2)
  A hippogriff skeleton (Crypt:2)
  A cyclops skeleton (Crypt:2)
  4 scorpions (Lair:3)
  A water moccasin zombie (D:11)
  A water moccasin skeleton (D:7)
  14 killer bees
  15 wights
  8 howler monkeys
  5 jellies
  4 centaur zombies
  10 crimson imps
  4 bullfrog zombies
  2 human zombies
  A quasit (D:11)
  8 hounds
  2 iron imps (Abyss:2)
  3 human simulacra
  44 orc wizards
  A bullfrog skeleton (D:9)
  A soldier ant zombie (Crypt:2)
  36 orc priests
  5 iguanas
  13 worker ants
  2 yak simulacra (Lair:3)
  4 polar bear simulacra (Lair:3)
  2 wolf simulacra (Lair:3)
  A felid zombie (Crypt:1)
  A crocodile skeleton (Crypt:1)
  A naga skeleton (Crypt:1)
  A hound zombie (D:9)
  An ogre skeleton (Crypt:3)
  A hound skeleton (D:5)
  A howler monkey zombie (D:5)
  A worker ant zombie (D:5)
  A gnoll (D:7)
  5 river rats (D:10)
  7 adders
  6 shadow imps
  An ooze (D:4)
  An adder zombie (D:5)
  2 worms
  A dart slug (D:1)
  6 leopard geckos
  177 orcs
  15 bats
  9 giant cockroaches
  10 goblins
  9 hobgoblins
  8 jackals
  3 quokkas
  A ball python skeleton (D:4)
  8 frilled lizards
  11 kobolds
  2 leopard gecko skeletons
  3 quokka skeletons
  10 rats
  3 river rat simulacra (Lair:3)
  4 plants
  A starspawn tentacle (Abyss:2)
  4 tentacles (Shoals:1)
2311 creatures vanquished.

Vanquished Creatures (collateral kills)
  A wolf spider zombie (Crypt:1)
1 creature vanquished.

Vanquished Creatures (others)
  2 deep elf master archers (Elf:3)
  A fire giant (Depths:2)
  A stone giant (Depths:2)
  A deep elf demonologist (Elf:3)
  A yaktaur captain (Vaults:1)
  6 centaur warriors
  2 satyrs (Shoals:4)
  2 deep elf knights (Elf:3)
  3 deep elf archers
  A deep elf mage (Elf:3)
  5 fauns (Shoals:4)
  9 yaktaurs
  2 jumping spiders (Spider:2)
  A two-headed ogre (Vaults:4)
  4 ogres
  3 centaurs
  An orc priest (Vaults:4)
  An orc (Vaults:4)
  16 bushes (Elf:2)
  A fungus (Lair:5)
  A lurking horror (Abyss:2)
  28 plants
  7 starspawn tentacles (Abyss:2)
  10 tentacles (Shoals:1)
109 creatures vanquished.

Grand Total: 2421 creatures vanquished

Notes
Turn   | Place    | Note
-------+----------+-------------------------------------------
     0 | D:1      | Kit the Minotaur Fighter began the quest for the Orb.
     0 | D:1      | Reached XP level 1. HP: 19/19 MP: 0/0
    95 | D:1      | Reached XP level 2. HP: 27/27 MP: 1/1
   194 | D:1      | Reached skill level 4 in Armour
   556 | D:2      | Reached XP level 3. HP: 33/33 MP: 2/2
   723 | D:2      | Found a hide-covered altar of Uskayaw.
  1267 | D:3      | Reached skill level 1 in Dodging
  1267 | D:3      | Reached XP level 4. HP: 37/40 MP: 3/3
  1547 | D:3      | Reached XP level 5. HP: 30/47 MP: 4/4
  1890 | D:3      | Found a white marble altar of Elyvilon.
  2100 | D:4      | Reached skill level 5 in Armour
  2100 | D:4      | Reached skill level 5 in Shields
  2122 | D:4      | Reached XP level 6. HP: 31/55 MP: 5/5
  2618 | D:4      | Reached skill level 5 in Fighting
  2693 | D:5      | Entered Level 5 of the Dungeon
  2981 | D:5      | Found a staircase to the Ecumenical Temple.
  3583 | D:5      | Reached XP level 7. HP: 59/61 MP: 6/6
  3850 | D:5      | Reached skill level 5 in Axes
  4067 | Temple   | Entered the Ecumenical Temple
  4463 | D:5      | Found a radiant altar of Vehumet.
  4505 | D:5      | Reached skill level 6 in Armour
  4917 | D:6      | Noticed Edmund
  4962 | D:6      | Killed Edmund
  4962 | D:6      | Reached XP level 8. HP: 63/69 MP: 7/7
  5489 | D:6      | Gained mutation: You are agile. (Dex +2) [potion of beneficial mutation]
  5709 | D:6      | Reached skill level 5 in Dodging
  5756 | D:6      | Reached skill level 1 in Maces & Flails
  5764 | D:6      | Reached skill level 7 in Armour
  6004 | D:7      | Reached XP level 9. HP: 76/78 MP: 8/8
  6088 | D:7      | Found a glowing silver altar of Zin.
  6088 | D:7      | Noticed an angel
  6105 | D:7      | Got a slimy ring mail
  6116 | D:7      | Identified the +1 ring mail "Odaxuim" {*Drain +Fly Str+5} (You found it on level 7 of the Dungeon)
  6273 | D:7      | Found a hazy altar of Hepliaklqana.
  6277 | D:7      | Found a basalt altar of Yredelemnul.
  6336 | D:7      | Found a flagged portal.
  6346 | Bailey   | Entered a bailey
  6346 | Bailey   | Noticed Gargo's ghost (novice GrEE)
  6360 | Bailey   | Killed Gargo's ghost
  6377 | Bailey   | Reached skill level 8 in Armour
  6870 | Bailey   | Noticed an orc knight
  6881 | Bailey   | Killed an orc knight
  7121 | Bailey   | Reached skill level 5 in Maces & Flails
  7317 | Bailey   | Noticed an orc knight
  7335 | Bailey   | Killed an orc knight
  7335 | Bailey   | Reached XP level 10. HP: 70/90 MP: 9/9
  7448 | Bailey   | Noticed an orc knight
  7481 | Bailey   | Killed an orc knight
  7481 | Bailey   | Reached skill level 9 in Armour
  7484 | Bailey   | Noticed an orc knight
  7553 | Bailey   | Noticed an orc knight
  7578 | Bailey   | Killed an orc knight
  7842 | Bailey   | Killed an orc knight
  8103 | D:7      | Found an iron altar of Okawaru.
  8115 | D:7      | Became a worshipper of Warmaster Okawaru
  8699 | D:8      | Noticed Gastronok
  8712 | D:8      | Killed Gastronok
  8712 | D:8      | Reached * piety under Okawaru
  9105 | D:8      | Reached XP level 11. HP: 61/99 MP: 10/10
  9112 | D:8      | Found a roughly hewn altar of Beogh.
  9679 | D:9      | Reached skill level 10 in Armour
  9683 | D:9      | Reached ** piety under Okawaru
  9929 | D:10     | Entered Level 10 of the Dungeon
  9990 | D:10     | Reached skill level 10 in Shields
 10039 | D:10     | Reached skill level 10 in Fighting
 10445 | D:10     | Noticed an ice dragon
 10535 | D:10     | Noticed a hill giant
 10745 | D:9      | Reached *** piety under Okawaru
 10745 | D:9      | Received a gift from Okawaru
 11076 | D:9      | Identified a scroll of acquirement
 11086 | D:10     | Killed a hill giant
 11133 | D:10     | Got the battleaxe "Xodokhott" {freeze}
 11161 | D:10     | Identified the +6 battleaxe "Xodokhott" {freeze, rElec rC+ SInv} (You found it on level 10 of the Dungeon)
 11291 | D:10     | Noticed a centaur warrior
 11304 | D:10     | Killed a centaur warrior
 11613 | D:10     | Found Textiski's General Store.
 11628 | D:10     | Bought the +2 pair of gloves of Honesty {rElec MP+9 Int+3 Stlth-} for 434 gold pieces
 11668 | D:10     | Reached **** piety under Okawaru
 12035 | D:10     | Found a staircase to the Lair.
 12096 | D:11     | Found a staircase to the Orcish Mines.
 12361 | D:11     | Reached skill level 11 in Armour
 12476 | D:11     | Reached ***** piety under Okawaru
 12478 | D:11     | Reached XP level 12. HP: 83/110 MP: 11/11
 12884 | D:11     | Reached skill level 10 in Dodging
 13070 | D:11     | Noticed an eight-headed hydra
 13077 | D:11     | Killed an eight-headed hydra
 13509 | D:12     | Got a steaming falchion
 13510 | D:12     | Identified the +8 falchion "Musocop" {drain, +Rage Int+3 Dex+5} (You found it on level 12 of the Dungeon)
 13524 | D:12     | Noticed Mungo's ghost (journeyman FoFi)
 13961 | D:12     | Received a gift from Okawaru
 13979 | D:12     | Identified a +1 pair of boots of running (Okawaru gifted it to you on level 12 of the Dungeon)
 14446 | Orc:1    | Entered Level 1 of the Orcish Mines
 14671 | D:11     | Reached skill level 10 in Maces & Flails
 14675 | D:11     | Reached skill level 12 in Armour
 15423 | Orc:1    | Noticed Josephine
 15488 | D:11     | Noticed a seven-headed hydra
 15803 | D:11     | Reached XP level 13. HP: 100/119 MP: 12/12
 15828 | D:11     | Killed Josephine
 17108 | D:11     | Reached ****** piety under Okawaru
 17412 | D:12     | Killed Mungo's ghost
 17695 | Lair:1   | Entered Level 1 of the Lair of Beasts
 17724 | Lair:1   | Received a gift from Okawaru
 17782 | Lair:1   | Noticed Joseph
 17809 | Lair:1   | Killed Joseph
 17893 | Lair:1   | Found a deep blue altar of Sif Muna.
 19421 | Lair:3   | Found a hole to the Spider Nest.
 19504 | Lair:3   | Reached skill level 13 in Armour
 19867 | Lair:3   | Received a gift from Okawaru
 20180 | Lair:4   | Found a staircase to the Shoals.
 20407 | Lair:4   | Noticed Nergalle
 20423 | Lair:4   | Killed Nergalle
 20688 | Lair:4   | Noticed Rupert
 20698 | Lair:4   | Killed Rupert
 20698 | Lair:4   | Reached XP level 14. HP: 129/129 MP: 13/13
 20841 | Lair:4   | Found an ancient bone altar of Kikubaaqudgha.
 21157 | Lair:4   | Noticed Nessos
 22401 | Orc:1    | Received a gift from Okawaru
 22427 | Orc:1    | Noticed a stone giant
 22459 | Orc:1    | Killed a stone giant
 22637 | Orc:1    | Identified Dunow's Almanac of Spatial Intoxication
 22780 | Orc:2    | Entered Level 2 of the Orcish Mines
 22780 | Orc:2    | Found a labyrinth entrance.
 22803 | Lab      | Entered a labyrinth
 23711 | Lab      | Got a dazzling falchion
 23726 | Orc:2    | Identified the +3 falchion of the Wraith {flame, rPois} (You found it in a labyrinth)
 23894 | Orc:2    | Found a staircase to the Elven Halls.
 24086 | Orc:2    | Noticed Donald
 24475 | Orc:2    | Killed Donald
 24702 | Orc:2    | Noticed an orc warlord
 25352 | Orc:2    | Paralysed by an orc sorcerer for 5 turns
 25358 | Orc:2    | Gained mutation: Scrolls take you a little longer to read. [a neqoxec]
 25361 | Orc:2    | Gained mutation: You are frail. (-10% HP) [a neqoxec]
 25504 | Orc:2    | Received a gift from Okawaru
 25589 | Orc:2    | Found Guehell's Antique Armour Boutique.
 25590 | Orc:2    | Found Haatareh's Antique Weapon Boutique.
 25591 | Orc:2    | Found Viliseat's General Store.
 25591 | Orc:2    | Found Acwuocs's Book Shop.
 25595 | Orc:2    | Bought a scroll of teleportation for 51 gold pieces
 25620 | Orc:2    | Reached skill level 14 in Armour
 25782 | Orc:2    | Bought a potion of cure mutation for 425 gold pieces
 25782 | Orc:2    | Lost mutation: You are agile. (Dex +2) [potion of cure mutation]
 25782 | Orc:2    | Lost mutation: You are frail. (-10% HP) [potion of cure mutation]
 25782 | Orc:2    | Lost mutation: Scrolls take you a little longer to read. [potion of cure mutation]
 25886 | Orc:1    | Killed an orc warlord
 26387 | Lair:4   | Killed Nessos
 26946 | Lair:5   | Noticed Gargo's ghost (journeyman GrEE)
 26972 | Lair:5   | Killed Gargo's ghost
 27210 | Lair:5   | Reached XP level 15. HP: 126/139 MP: 14/14
 27582 | Lair:5   | Found a staircase to the Slime Pits.
 27808 | Lair:6   | Entered Level 6 of the Lair of Beasts
 28082 | Lair:5   | Received a gift from Okawaru
 28469 | Lair:6   | Reached skill level 15 in Fighting
 28571 | Lair:6   | Cast into level 2 of the Abyss (a wizard)
 28593 | Abyss:2  | Found a basalt altar of Yredelemnul.
 28727 | Abyss:2  | Received a gift from Okawaru
 28815 | Abyss:2  | Noticed a tentacled starspawn
 28884 | Abyss:2  | Killed a tentacled starspawn
 28884 | Abyss:2  | Reached skill level 15 in Armour
 28893 | Abyss:2  | Noticed an Executioner
 29129 | Lair:6   | Escaped the Abyss
 29303 | Lair:6   | Received a gift from Okawaru
 29639 | Lair:6   | Found a burning altar of Makhleb.
 30341 | Lair:6   | Found a gateway to Hell.
 31731 | D:13     | Reached XP level 16. HP: 150/150 MP: 15/15
 31960 | D:13     | Learned a level 2 spell: Repel Missiles
 32697 | D:13     | Received a gift from Okawaru
 32866 | D:13     | Reached skill level 15 in Shields
 33066 | D:14     | Found Vueruigo's Book Boutique.
 33135 | D:14     | Reached skill level 16 in Armour
 33600 | D:14     | Found a gate to the Vaults.
 33906 | D:15     | Entered Level 15 of the Dungeon
 34289 | D:15     | Found a staircase to the Depths.
 34816 | Elf:1    | Entered Level 1 of the Elven Halls
 34955 | Elf:1    | Received a gift from Okawaru
 35221 | Elf:1    | Received a gift from Okawaru
 35224 | Elf:1    | Got a dazzling demon blade {god gift}
 35227 | Elf:1    | Identified the +4 demon blade "Fish" {drain, rC+ Dex+3} (Okawaru gifted it to you on level 1 of the Elven Halls)
 35249 | Elf:1    | Reached skill level 15 in Dodging
 35401 | Elf:1    | Reached skill level 1 in Long Blades
 36431 | Elf:2    | Found Koucvu's Food Shop.
 36431 | Elf:2    | Found Mebbuh's Antique Armour Shoppe.
 36435 | Elf:2    | Reached skill level 5 in Long Blades
 36482 | Elf:2    | Bought a dazzling chain mail for 199 gold pieces
 36482 | Elf:2    | Bought a translucent ring mail for 189 gold pieces
 36502 | Elf:1    | Identified the cursed +1 chain mail of the Trees {*Corrode rElec rPois Dex+4} (You bought it in a shop on level 2 of the Elven Halls)
 36514 | Elf:1    | Identified the +0 ring mail "Xeev" {+Fly Str+4} (You bought it in a shop on level 2 of the Elven Halls)
 36527 | Elf:2    | Bought a distressingly furry leather armour for 147 gold pieces
 36527 | Elf:2    | Bought a fine leather armour for 147 gold pieces
 36539 | Elf:1    | Identified the +1 leather armour of Ovoerph {rF+ Str-5 Int+3 Dex+9} (You bought it in a shop on level 2 of the Elven Halls)
 36550 | Elf:1    | Identified the +3 leather armour of Fun {rF+ rN+ Stlth+} (You bought it in a shop on level 2 of the Elven Halls)
 36651 | Elf:2    | Received a gift from Okawaru
 36804 | Elf:2    | Found Ujus's Assorted Antiques.
 36818 | Elf:2    | Bought a potion of curing for 84 gold pieces
 36818 | Elf:2    | Bought a potion of heal wounds for 140 gold pieces
 36818 | Elf:2    | Bought a scroll of identify for 56 gold pieces
 36818 | Elf:2    | Bought a potion of curing for 84 gold pieces
 36818 | Elf:2    | Bought an ivory ring for 140 gold pieces
 36834 | Elf:2    | Found Haenaaf's Distillery.
 36889 | Elf:2    | Reached skill level 1 in Evocations
 36889 | Elf:2    | Reached XP level 17. HP: 160/160 MP: 16/16
 37245 | Elf:2    | Found a runed gate.
 37245 | Elf:2    | Found a runed gate.
 37245 | Elf:2    | Found a runed gate.
 38010 | Elf:2    | Noticed HunterMK1337's ghost (journeyman HOBe)
 38553 | Elf:2    | Killed HunterMK1337's ghost
 39933 | Elf:3    | Entered Level 3 of the Elven Halls
 40123 | Elf:3    | Reached skill level 17 in Armour
 40293 | Elf:3    | Found Exzefef's General Store.
 40520 | Elf:3    | Got a jewelled falchion {slice}
 40522 | Elf:3    | Identified the +7 falchion of Exquisite Torment {slice, +Rage} (You took it off a deep elf demonologist on level 3 of the Elven Halls)
 40825 | Elf:3    | Noticed Bai Suzhen
 40844 | Elf:3    | Killed Bai Suzhen
 40844 | Elf:3    | Received a gift from Okawaru
 41628 | Elf:3    | Got a vibrating pewter ring
 41633 | Elf:3    | Identified the ring of Wuwkuhaz {SInv Stlth+} (You took it off a deep elf annihilator on level 3 of the Elven Halls)
 41896 | Elf:3    | Noticed a deep elf master archer
 41917 | Elf:3    | Noticed a deep elf blademaster
 41970 | Elf:2    | Killed a deep elf blademaster
 42354 | Elf:3    | Got an encrusted war axe {chop}
 42371 | Elf:2    | Identified the +9 war axe of Imbalance {chop, rF- MR+ Int+7} (You took it off a deep elf mage on level 3 of the Elven Halls)
 42533 | Elf:3    | Noticed a deep elf blademaster
 42597 | Elf:2    | Killed a deep elf blademaster
 42599 | Elf:2    | Got faintly glowing storm dragon scales
 42830 | Elf:2    | Identified the cursed +1 storm dragon scales "Piquem" {rElec rN+ Str+4} (You took it off a deep elf blademaster on level 2 of the Elven Halls)
 43204 | Elf:2    | Reached XP level 18. HP: 158/170 MP: 20/20
 43411 | Elf:3    | Received a gift from Okawaru
 43414 | Elf:3    | Got an ichor-stained whip {venom}
 43441 | Elf:2    | Identified the +3 whip of Perversion {venom, +Blink +Fly Str+6 Dex-4} (You took it off a deep elf sorcerer on level 3 of the Elven Halls)
 44183 | Elf:3    | Noticed TheWoodenMan's ghost (veteran HOFi)
 44841 | Elf:3    | Reached skill level 10 in Long Blades
 45410 | Elf:3    | Got a steaming golden ring
 45484 | Elf:3    | Got a shimmering copper ring
 46690 | Elf:2    | Identified the ring "Azeu" {rPois rC+ Str-5 Slay+6 SInv} (You took it off a deep elf sorcerer on level 3 of the Elven Halls)
 46693 | Elf:2    | Identified the ring "Koschug" {+Fly Slay+2} (You took it off a deep elf death mage on level 3 of the Elven Halls)
 46972 | Elf:3    | Got a scorched ring mail
 46984 | Elf:3    | Identified the +1 ring mail "Rerilor" {Str+4 Int+3} (You found it on level 3 of the Elven Halls)
 46985 | Elf:3    | Got a warped pewter amulet
 47013 | Elf:3    | Identified Xairoc's Compendium of Bewitchment and Cold
 47021 | Elf:3    | Identified the Papyrus of Flying Bewitchment
 47037 | Elf:3    | Identified the amulet "Nedaoz" {Inacc rN+ MR+ SInv} (You found it on level 3 of the Elven Halls)
 47121 | Elf:3    | Gained mutation: You are partially covered in yellow scales. (AC +2) [potion of beneficial mutation]
 47512 | Spider:1 | Entered Level 1 of the Spider Nest
 47698 | Spider:1 | Reached skill level 18 in Armour
 47848 | Spider:1 | Noticed Vajrapani's ghost (adept DrMo)
 48352 | Spider:1 | Killed Vajrapani's ghost
 49265 | Spider:2 | Received a gift from Okawaru
 49268 | Spider:2 | Got a shimmering hand axe {god gift}
 49290 | Spider:2 | Identified the +12 hand axe "Giant's Toothpick" {chop, rPois MR+} (Okawaru gifted it to you on level 2 of the Spider Nest)
 50102 | Spider:2 | Learned a level 2 spell: Swiftness
 50290 | Spider:3 | Noticed Louise
 50463 | Spider:2 | Killed Louise
 50704 | Spider:3 | Reached XP level 19. HP: 180/180 MP: 21/21
 50792 | Spider:3 | Received a gift from Okawaru
 51203 | Spider:4 | Entered Level 4 of the Spider Nest
 51211 | Spider:4 | Reached skill level 19 in Armour
 52336 | Spider:4 | Noticed Agnes
 52342 | Spider:4 | Killed Agnes
 52585 | Spider:4 | Got a gossamer rune of Zot
 52736 | Spider:4 | Received a gift from Okawaru
 52878 | Spider:4 | Reached skill level 20 in Armour
 53307 | Shoals:1 | Entered Level 1 of the Shoals
 53413 | Shoals:1 | Reached skill level 5 in Evocations
 54223 | Shoals:2 | Found Xeste's Weapon Shop.
 54681 | Shoals:2 | Received a gift from Okawaru
 54860 | Shoals:2 | Reached skill level 21 in Armour
 55720 | Shoals:3 | Got a scorched jade ring
 55723 | Shoals:3 | Identified the ring "Kipys" {*Contam *Slow MR+++ Slay+2 SInv} (You acquired it on level 3 of the Shoals)
 56020 | Shoals:4 | Entered Level 4 of the Shoals
 56107 | Shoals:4 | Reached XP level 20. HP: 140/191 MP: 24/24
 56284 | Shoals:4 | Got an ancient war axe {flame}
 56285 | Shoals:4 | Identified the +8 war axe of the Land of Plenty {flame, *Rage Dex+6} (You took it off a siren on level 4 of the Shoals)
 56734 | Shoals:4 | Noticed Ilsuiw
 56759 | Shoals:4 | Reached skill level 22 in Armour
 57727 | Shoals:4 | Killed Ilsuiw
 57992 | Shoals:4 | Got a barnacled rune of Zot
 58538 | Shoals:4 | Got a shimmering scimitar
 58540 | Shoals:4 | Identified the +9 scimitar of Valiance {slice, Int+4} (You found it on level 4 of the Shoals)
 58881 | Vaults:1 | Entered Level 1 of the Vaults
 59058 | Vaults:1 | Received a gift from Okawaru
 60465 | Vaults:1 | Received a gift from Okawaru
 60472 | Vaults:1 | Got a smoking cloak {god gift}
 60483 | Vaults:1 | Identified the +0 cloak "Cimnab" {Str+2} (Okawaru gifted it to you on level 1 of the Vaults)
 61739 | Vaults:2 | Reached skill level 23 in Armour
 61742 | Vaults:2 | Reached XP level 21. HP: 173/199 MP: 27/27
 61749 | Vaults:2 | Reached skill level 10 in Evocations
 62066 | Vaults:2 | Found Joatyg's Antique Armour Shop.
 62997 | Vaults:3 | Received a gift from Okawaru
 63487 | Vaults:3 | Found Duamip's Gadget Shoppe.
 63515 | Vaults:3 | Noticed Jory
 63540 | Vaults:3 | Killed Jory
 63903 | Vaults:3 | Found a staircase to the Crypt.
 65107 | Vaults:4 | Got a jewelled chain mail
 65119 | Vaults:4 | Identified the +2 chain mail "Zugeups" {rC++ Int-5} (You found it on level 4 of the Vaults)
 65364 | Vaults:4 | Received a gift from Okawaru
 65458 | Vaults:4 | Reached XP level 22. HP: 124/210 MP: 29/29
 66982 | Vaults:4 | Received a gift from Okawaru
 68486 | Crypt:1  | Entered Level 1 of the Crypt
 68579 | Crypt:1  | Found an ancient bone altar of Kikubaaqudgha.
 68880 | Crypt:1  | Reached skill level 24 in Armour
 69300 | Crypt:1  | Noticed Mennas
 69756 | Vaults:5 | Entered Level 5 of the Vaults
 70931 | Crypt:2  | Received a gift from Okawaru
 71544 | Crypt:3  | Entered Level 3 of the Crypt
 71833 | Crypt:3  | Received a gift from Okawaru
 71886 | Crypt:3  | Reached XP level 23. HP: 174/220 MP: 31/31
 72006 | Crypt:3  | Got an encrusted long sword {god gift}
 72008 | Crypt:3  | Identified the +6 long sword "Goblin's Funeral" {pain, Int+2} (Okawaru gifted it to you on level 3 of the Crypt)
 72040 | Crypt:3  | Found a staircase to the Tomb.
 72336 | Crypt:3  | Found a basalt altar of Yredelemnul.
 72336 | Crypt:3  | Noticed an ancient lich
 72415 | Crypt:3  | Killed an ancient lich
 72575 | Crypt:3  | Got an ancient hand axe
 72576 | Crypt:3  | Identified the +10 hand axe "Asys" {freeze, rF+ rN+ Int+4 Stlth-} (You found it on level 3 of the Crypt)
 74035 | Depths:1 | Entered Level 1 of the Depths
 74461 | Depths:1 | Found a runed door.
 74627 | Depths:1 | Received a gift from Okawaru
 74728 | Depths:1 | Reached skill level 10 in Axes
 75445 | Depths:1 | Received a gift from Okawaru
 75478 | Depths:1 | Got a dazzling ring mail {god gift}
 75489 | Depths:1 | Identified the +1 ring mail of Sallake {MR- Int+5} (Okawaru gifted it to you on level 1 of the Depths)
 75629 | Depths:1 | Found a roughly hewn altar of Beogh.
 76334 | Depths:2 | Reached XP level 24. HP: 198/231 MP: 31/31
 77441 | Depths:2 | Reached skill level 25 in Armour
 77556 | Depths:2 | Found a one-way gate leading to the halls of Pandemonium.
 78201 | Depths:3 | Received a gift from Okawaru
 78962 | Depths:3 | HP: 1/231 [frost giant/bolt of cold (13)]
 78964 | Depths:2 | Killed from afar by a frost giant

Skill      XL: |  1  2  3  4  5  6  7  8  9 10 11 12 13 14 15 16 17 18 19 20 21 22 23 24 |
---------------+-------------------------------------------------------------------------+-----
Armour         | 4 5 6 7 8 9 11 12 13 14 15 16 17 18 21 23 24 25 | 25.2
Shields        | 4 5 6 7 8 9 10 12 13 14 15 16 17 18 19 20 21 | 21.1
Fighting       | 4 5 6 7 8 9 11 12 13 14 15 16 17 18 19 20 21 22 | 22.1
Axes           | 3 4 5 6 7 12 | 12.0
Dodging        | 1 2 3 4 5 7 8 9 10 11 12 14 15 16 17 18 19 20 | 20.4
Maces & Flails | 2 5 7 8 11 13 | 13.9
Long Blades    | 6 9 10 | 10.6
Evocations     | 1 4 7 9 11 12 | 12.8

Action                   |  1- 3 |  4- 6 |  7- 9 | 10-12 | 13-15 | 16-18 | 19-21 | 22-24 || total
-------------------------+-------+-------+-------+-------+-------+-------+-------+-------++-------
Melee: War axe           |   103 |   139 |    83 |       |       |    15 |       |       ||   340
       Headbutt          |    16 |    22 |    44 |   219 |   450 |   476 |   656 |   836 ||  2719
       Flail             |       |       |   149 |   685 |  1568 |  1119 |  2273 |   428 ||  6222
       Battleaxe         |       |       |       |    10 |       |       |       |       ||    10
       Falchion          |       |       |       |       |    11 |    35 |       |       ||    46
       Broad axe         |       |       |       |       |    12 |       |       |       ||    12
       Demon blade       |       |       |       |       |       |   561 |       |   121 ||   682
       Hand axe          |       |       |       |       |       |     4 |       |   563 ||   567
       Mace              |       |       |       |       |       |       |       |  1154 ||  1154
Throw: Tomahawk          |       |       |    40 |    16 |       |     2 |    15 |       ||    73
Invok: Heroism           |       |       |       |       |       |       |     1 |     4 ||     5
       Finesse           |       |       |       |       |       |       |     1 |     2 ||     3
 Abil: Evoke Berserk Rag |       |       |       |       |     1 |     4 |     1 |     3 ||     9
Evoke: Wand              |       |       |     8 |     6 |     1 |       |       |       ||    15
       Disc of storms    |       |       |       |       |       |       |       |     8 ||     8
       Phial of floods   |       |       |       |       |       |       |       |     1 ||     1
  Use: Scroll            |     3 |     1 |    15 |    11 |    18 |    20 |     7 |    12 ||    87
       Potion            |       |       |     7 |     5 |    10 |     7 |     5 |     2 ||    36
 Stab: Held in net/web   |       |       |       |       |       |       |     2 |       ||     2
  Eat: Chunk             |     1 |     7 |    11 |    55 |    63 |    65 |    54 |    59 ||   315
       Fruit             |       |       |     1 |     1 |     1 |       |       |     5 ||     8
       Beef jerky        |       |       |     1 |       |       |       |       |       ||     1
Armor: Scale mail        |    48 |    53 |    41 |       |       |       |       |       ||   142
       Ring mail         |       |       |    48 |   192 |   328 |   216 |       |       ||   784
       Storm dragon scal |       |       |       |       |       |   190 |   652 |   537 ||  1379
Dodge: Dodged            |    32 |    51 |   122 |   321 |   512 |   556 |   783 |   779 ||  3156
Block: Shield            |    69 |    67 |   177 |   410 |  1043 |  1334 |  2063 |  1808 ||  6971
       Reflection        |       |       |       |       |    28 |   123 |   229 |    62 ||   442
       Rpst.: Falchion   |       |       |       |       |     2 |     2 |       |       ||     4
       Demon blade       |       |       |       |       |       |    36 |       |    12 ||    48
